 Dungeon Sprint DCSS version 0.30-a0-652-gcc886f7154 (webtiles) character file.

Game seed: 3326399430651427476

222633 BigDaddyOpFi the End of an Era (level 19, -5/207 HPs)
             Began as a Hill Orc Fighter on Jan 17, 2023.
             Was the Champion of Qazlal.
             Killed from afar by Raesisog the pandemonium lord (62 damage)
             ... with a crystal spear
             ... in the Dungeon (Sprint VII: "The Pits").
             The game lasted 00:22:07 (6915 turns).

BigDaddyOpFi the End of an Era (Hill Orc Fighter)   Turns: 6915, Time: 00:22:07

Health: -5/207     AC: 55    Str: 36    XL:     19   Next: 24%
Magic:  32/32      EV: 15    Int:  8    God:    Qazlal [******]
Gold:   166        SH: 39    Dex:  7    Spells: 18/18 levels left

rFire   . . .      SeeInvis +    T - +6 broad axe (heavy)
rCold   x . .      Faith    .    U - +3 tower shield
rNeg    + + .      Spirit   .    n - +8 plate armour
rPois   .          Reflect  +    O - +0 helmet of Iceh Yca {Regen+ rCorr SInv}
rElec   .          Harm     .    P - +2 cloak
rCorr   +          Rampage  .    A - +1 pair of gloves
Will    ++...      NoTele   +    b - +4 pair of boots Stlth
                                 L - amulet "Rimiobuq" {Reflect rC- rN++ Slay+4 SH+5}
HPRegen 1.34/turn                J - ring "Feut" {Will+ Str+3 Dex-3 Slay+5}
MPRegen 0.23/turn                H - ring "Qefisyem" {Drain AC+6 Str+6 SInv}

@: protected from physical damage, studying 3 skills, repel missiles
A: low MP 1
}: 1/3 runes: silver
a: Renounce Religion, Upheaval, Elemental Force, Disaster Area


You were in the Dungeon.
You worshipped Qazlal.
Qazlal was exalted by your worship.
You visited 1 branch You collected 166 gold pieces.

Inventory:

Hand Weapons
 T - a +6 heavy broad axe (weapon)
Armour
 b - a +4 pair of boots (worn)
 n - a +8 plate armour (worn)
 y - a +1 pair of boots of rampaging
 A - a +1 pair of gloves (worn)
 O - the +0 helmet of Iceh Yca (worn) {Regen+ rCorr SInv}
   (You found it in the Dungeon)

   SInv:      It lets you see invisible.
   Regen:     It increases your rate of health regeneration.
   rCorr:     It protects you from acid and corrosion.
 P - a +2 cloak (worn)
 U - a +3 tower shield (worn)
Jewellery
 F - a +5 ring of slaying
 H - the ring "Qefisyem" (right hand) {Drain AC+6 Str+6 SInv}
   (You found it in the Dungeon)

   [ring of protection]

   AC:        It affects your AC (+6).
   Str:       It affects your strength (+6).
   SInv:      It lets you see invisible.
   Drain:     It drains your maximum health when unequipped.
 I - the ring of Mibo {Will+ Str+6}
   (You found it in the Dungeon)

   [ring of willpower]

   Str:       It affects your strength (+6).
   Will:      It increases your willpower.
 J - the ring "Feut" (left hand) {Will+ Str+3 Dex-3 Slay+5}
   (You found it in the Dungeon)

   [ring of slaying]

   Str:       It affects your strength (+3).
   Dex:       It affects your dexterity (-3).
   Slay:      It affects your accuracy & damage with ranged weapons and melee
   (+5).
   Will:      It increases your willpower.
 K - the ring of Icuonkur {rPois rC+++ Str-4 Slay+5 SInv}
   (You found it in the Dungeon)

   [ring of slaying]

   Str:       It affects your strength (-4).
   Slay:      It affects your accuracy & damage with ranged weapons and melee
   (+5).
   rC:        It renders you almost immune to cold.
   rPois:     It protects you from poison.
   SInv:      It lets you see invisible.
 L - the amulet "Rimiobuq" (around neck) {Reflect rC- rN++ Slay+4 SH+5}
   (You found it in the Dungeon)

   [amulet of reflection]

   It reflects blocked missile attacks.
   Slay:      It affects your accuracy & damage with ranged weapons and melee
   (+4).
   rC:        It makes you vulnerable to cold.
   rN:        It greatly protects you from negative energy.
   SH:        It affects your SH (+5).
 R - a +6 ring of dexterity
 S - a +6 ring of evasion
 V - a ring of wizardry
 W - a +6 ring of protection
 X - a +6 ring of intelligence
Wands
 f - a wand of charming (14)
 o - a wand of polymorph (9)
Scrolls
 l - 6 scrolls of enchant weapon
 q - 2 scrolls of fog
 t - 8 scrolls of identify
 u - 2 scrolls of fear
 Y - a scroll of magic mapping
Potions
 a - 2 potions of resistance
 e - 10 potions of curing
 g - 8 potions of haste
 h - 6 potions of magic
 i - 6 potions of berserk rage
 k - 2 potions of invisibility
 m - 8 potions of brilliance
 C - 2 potions of heal wounds
 M - 4 potions of might
 N - 5 potions of mutation


   Skills:
 O Level 27 Fighting
 - Level 6.5 Long Blades
 O Level 27 Axes
 O Level 27 Armour
 O Level 27 Dodging
 O Level 27 Shields
 O Level 27 Invocations
 + Level 23.9 Evocations


You had 18 spell levels left.
You didn't know any spells.
Your spell library contained the following spells:

 Spells                   Type           Power      Damage    Failure   Level
 Apportation              Tloc           0%         N/A       71%         1
 Freeze                   Ice            0%         1d3       71%         1
 Magic Dart               Conj           0%         1d3       71%         1
 Sandblast                Erth           0%         2d4       71%         1
 Cigotuvi's Dreadful Rot  Necr/Pois/Air  0%         N/A       83%         2
 Ensorcelled Hibernation  Hex/Ice        0%         N/A       83%         2
 Passwall                 Tmut/Erth      0%         N/A       83%         2
 Scorch                   Fire           0%         2d5       83%         2
 Searing Ray              Conj           0%         2d4       83%         2
 Static Discharge         Conj/Air       0%         2-2/arc   83%         2
 Sublimation of Blood     Necr           0%         N/A       83%         2
 Dazzling Flash           Conj/Hex       0%         N/A       97%         3
 Gell's Gravitas          Tloc           0%         N/A       97%         3
 Kindle Blastsparks       Fire/Tloc/Air  0%         2d10      97%         3
 Stone Arrow              Conj/Erth      0%         3d7       97%         3
 Summon Guardian Golem    Hex/Summ       0%         N/A       97%         3
 Swiftness                Air            0%         N/A       97%         3
 Tukima's Dance           Hex            0%         N/A       97%         3
 Vhi's Electric Charge    Tloc/Air       0%         N/A       97%         3
 Cause Fear               Hex            0%         N/A       100%        4
 Fulminant Prism          Conj/Hex       0%         3d5       100%        4
 Iskenderun's Mystic Bla  Conj/Tloc      0%         2d3       100%        4
 Passage of Golubria      Tloc           0%         N/A       100%        4
 Petrify                  Tmut/Erth      0%         N/A       100%        4
 Summon Ice Beast         Ice/Summ       0%         N/A       100%        4
 Arcjolt                  Conj/Air       0%         1d10      100%        5
 Freezing Cloud           Conj/Ice/Air   0%         6-21      100%        5
 Irradiate                Conj/Tmut      0%         3d11      100%        5
 Silence                  Hex/Air        0%         N/A       100%        5
 Summon Forest            Summ/Tloc      0%         N/A       100%        5
 Summon Mana Viper        Hex/Summ       0%         N/A       100%        5
 Yara's Violent Unravell  Hex/Tmut       0%         3d3       100%        5
 Simulacrum               Ice/Necr       0%         N/A       100%        6
 Starburst                Conj/Fire      0%         6d3       100%        6
 Summon Cactus Giant      Summ           0%         N/A       100%        6
 Dragon Form              Tmut           0%         N/A       100%        7
 Enfeeble                 Hex            0%         N/A       100%        7
 Haunt                    Necr/Summ      0%         N/A       100%        7
 Orb of Destruction       Conj           0%         9d5       100%        7
 Spellforged Servitor     Conj/Summ      0%         N/A       100%        7
 Storm Form               Tmut/Air       0%         N/A       100%        7
 Ignition                 Fire           0%         3d3       100%        8
 Lehudib's Crystal Spear  Conj/Erth      0%         10d2      100%        8
 Maxwell's Capacitive Co  Air            0%         āˆž       100%        8
 Dragon's Call            Summ           0%         N/A       100%        9
 Polar Vortex             Ice            0%         N/A       100%        9


Dungeon Overview and Level Annotations

Branches:
Dungeon (1/1)

Altars:
Ashenzari
Cheibriados
Dithmenos
Elyvilon
Fedhas
Gozag
Hepliaklqana
Kikubaaqudgha
Makhleb
Nemelex Xobeh
Okawaru
Qazlal
Ru
Sif Muna
Trog
Uskayaw
Vehumet
Wu Jian
Xom
Yredelemnul
Zin
The Shining One
Beogh
Jiyva
Lugonu

Annotations:
D Ignacio, Royal Jelly


Innate Abilities, Weirdness & Mutations

Your magical capacity is low. (-10% MP)


Message History

The orc warrior convulses!
The rockslime convulses!
The acid blob convulses! x2
The tentacled monstrosity is engulfed in freezing vapours.
You kill the tentacled monstrosity!
Qazlal accepts your kill. You block Raesisog's attack.
You feel much better.
Cornered, the Orb Guardian turns to fight!
You block the Orb Guardian's attack. x3
An Orb Guardian comes into view.
The Brimstone Fiend calls on the powers of darkness!
The Orb Guardian convulses!
The quicksilver ooze convulses! x2
The Orb Guardian convulses! x4; The rockslime convulses!
The acid blob convulses!
The titan convulses!
The pearl dragon convulses!
The rockslime convulses!
Your body is wracked with pain!
* * * LOW HITPOINT WARNING * * *
The Orb Guardian convulses!
The acid blob convulses!
The orc warrior convulses!
The acid blob convulses!
The Orb Guardian convulses!
The rockslime convulses!
The titan waves its arms in wide circles.
The air twists around and strikes you. You block Raesisog's attack.
The Orb Guardian hits you!!
* * * LOW HITPOINT WARNING * * *
You feel much better. You block the Orb Guardian's attack. x2
The Royal Jelly comes into view.
The Orb Guardian is engulfed in freezing vapours.
You block the Orb Guardian's attack. x2; The Orb Guardian hits you!
* * * LOW HITPOINT WARNING * * *
Raesisog gestures at you.
The crystal spear is repelled.
The titan mumbles some strange words.
The titan is healed somewhat.
You feel much better.
The quicksilver ooze jiggles.
The Orb Guardian is engulfed in freezing vapours.
You kill the Orb Guardian!
Qazlal accepts your kill. The Orb Guardian barely misses you.
The Orb Guardian closely misses you.
An acid blob comes into view.
Raesisog gestures at you. The crystal spear hits you!!!
You die...

,,,,,,,,,,,,,,,,##......)....##..
,,,,,,,,,J....,##.............##.
,,,,,,,,JJ....,#...)...........#.
,,,,,,,,,JJX.J1#...............#.
,,,,,,,,,..J2JD#...............#.
,,,,,,,,,..JJXY##.............##.
,,,,,,,,,..XJJ1X##...........##..
,,,,,,,,,,,h#1XXX###.......###...
,,,,,,,,,,,**#CĀ§@ā—‹.###...###.....
*,,,,,,,,,** ##&)...............#
**,,,,,,,** ##...............#*
********* ###############**
###############################
..#.....#......).#.........#..# #
..#.....#..[.....#..).....)#..###
..#.....)....)#).[).#...)..#..##.
..#...........#..[.)#....).#..##ā‰ˆ


You could see Ignacio (fast), Raesisog (invisible), a hellephant, a pearl
dragon, a titan, 4 acid blobs, a Brimstone Fiend, an Ice Fiend, 7 Orb Guardians,
a green death, 5 rockslimes and 2 quicksilver oozes.

Vanquished Creatures
  Cerebov (D)
  Antaeus (D)
  Dissolution (D)
  Mennas (D)
  An ancient lich (D)
  Boris (D)
  the Lernaean hydra (D)
  A pandemonium lord (D)
  2 golden dragons (D)
  A pearl dragon (D)
  A bone dragon (D)
  An electric golem (D)
  A Brimstone Fiend (D)
  Rupert (D)
  3 tentacled monstrosities (D)
  A Hell Sentinel (D)
  14 Orb Guardians (D)
  5 liches (D)
  3 titans (D)
  4 deep elf master archers (D)
  2 quicksilver dragons (D)
  An Executioner (D)
  An acid blob (D)
  A death cob (D)
  Agnes (D)
  A shadow dragon (D)
  2 sphinxes (D)
  3 storm dragons (D)
  A fire giant (D)
  A nagaraja (D)
  2 daevas (D)
  An iron dragon (D)
  2 balrugs (D)
  4 deep elf sorcerers (D)
  A draconian scorcher (D)
  2 frost giants (D)
  An angel (D)
  2 ghouls (D)
  A draconian stormcaller (D)
  4 orc warlords (D)
  2 stone giants (D)
  2 lorocyprocas (D)
  2 red draconians (D)
  2 green draconians (D)
  2 deep elf demonologists (D)
  An apis (D)
  4 purple draconians (D)
  A white draconian (D)
  4 yellow draconians (D)
  2 deep elf annihilators (D)
  3 dire elephants (D)
  A minotaur (D)
  A deep elf death mage (D)
  A merfolk impaler (D)
  2 green deaths (D)
  An ettin (D)
  2 mummy priests (D)
  2 blizzard demons (D)
  2 merfolk javelineers (D)
  2 deep elf high priests (D)
  24 vault guards (D)
  2 fire dragons (D)
  A yaktaur captain (D)
  An ice dragon (D)
  A hydra (D)
  A catoblepas (D)
  An ogre mage (D)
  An anaconda (D)
  2 merfolk avatars (D)
  A centaur warrior (D)
  4 death knights (D)
  2 dancing weapons (D)
  A two-headed ogre (D)
  2 deep troll shamans (D)
  A deep troll earth mage (D)
  2 vampire magi (D)
  A death yak (D)
  3 hell hogs (D)
  2 spriggan berserkers (D)
  21 hell knights (D)
  2 soul eaters (D)
  A spriggan (D)
  2 deep elf knights (D)
  2 sun demons (D)
  A shadow wraith (D)
  3 iron trolls (D)
  A sixfirhy (D)
  A cherub (D)
  6 deep trolls (D)
  A spriggan druid (D)
  4 skeletal warriors (D)
  A flayed ghost (D)
  A phantasmal warrior (D)
  A bog body (D)
  6 wizards (D)
  2 deep elf pyromancers (D)
  5 harpies (D)
  12 orc knights (D)
  A swamp dragon (D)
  14 necromancers (D)
  Maurice (D)
  7 elephants (D)
  3 orange demons (D)
  A guardian serpent (D)
  2 naga magi (D)
  A black mamba (D)
  An eye of devastation (D)
  A demonic crawler (D)
  A smoke demon (D)
  A gargoyle (D)
  A rime drake (D)
  A komodo dragon (D)
  A cane toad (D)
  An unseen horror (D)
  4 yaktaurs (D)
  6 kobold demonologists (D)
  A freezing wraith (D)
  An ice devil (D)
  5 wandering mushrooms (D)
  6 merfolk (D)
  2 tarantellas (D)
  A wind drake (D)
  2 hornets (D)
  A hellwing (D)
  7 blink frogs (D)
  A snapping turtle (D)
  2 shadows (D)
  2 flying skulls (D)
  4 slime creatures (D)
  2 water elementals (D)
  Sigmund (D)
  5 yaks (D)
  9 humans (D)
  A vampire (D)
  A large abomination (D)
  A golden eye (D)
  A chaos spawn (D)
  6 redbacks (D)
  Menkaure (D)
  An acid dragon (D)
  A water moccasin (D)
  4 orc warriors (D)
  A wolf (D)
  An ogre (D)
  5 centaurs (D)
  A phantom (D)
  3 kobold brigands (D)
  4 necrophages (D)
  A scorpion (D)
  2 killer bees (D)
  A jelly (D)
  A crimson imp (D)
  2 gnoll boudas (D)
  2 orc priests (D)
  An iron imp (D)
  2 orc wizards (D)
  An adder (D)
  8 gnolls (D)
  2 river rats (D)
  An adder skeleton (D)
  3 worms (D)
  An adder simulacrum (D)
  11 orcs (D)
  A bat zombie (D)
  An endoplasm (D)
  A hobgoblin (D)
  10 kobolds (D)
  A ball python zombie (D)
  A bat (D)
  A frilled lizard (D)
  A goblin (D)
  A rat (D)
433 creatures vanquished.

Vanquished Creatures (collateral kills)
  Frederick (D)
  An Orb Guardian (D)
  A Hell Sentinel (D)
3 creatures vanquished.

Vanquished Creatures (others)
  An orc (D)
1 creature vanquished.

Grand Total: 437 creatures vanquished

Notes
Turn   | Place    | Note
-------+----------+-------------------------------------------
     0 | D        | BigDaddyOpFi the Hill Orc Fighter began the quest for the
                  | Orb.
     0 | D        | Reached XP level 1. HP: 19/19 MP: 1/1
    17 | D        | Found a bloodstained altar of Trog.
    17 | D        | Found a shimmering blue altar of Sif Muna.
    17 | D        | Found a viscous altar of Jiyva.
    17 | D        | Found a hazy altar of Hepliaklqana.
    17 | D        | Found an opulent altar of Gozag.
    18 | D        | Found a glowing golden altar of the Shining One.
    18 | D        | Found a glowing silver altar of Zin.
    18 | D        | Found a basalt altar of Yredelemnul.
    18 | D        | Found a shimmering altar of Xom.
    18 | D        | Found an ornate altar of the Wu Jian Council.
    18 | D        | Found a sacrificial altar of Ru.
    18 | D        | Found a stormy altar of Qazlal.
    18 | D        | Found an iron altar of Okawaru.
    18 | D        | Found a sparkling altar of Nemelex Xobeh.
    18 | D        | Found a burning altar of Makhleb.
    18 | D        | Found a blossoming altar of Fedhas.
    18 | D        | Found a white marble altar of Elyvilon.
    18 | D        | Found a shadowy altar of Dithmenos.
    18 | D        | Found a snail-covered altar of Cheibriados.
    19 | D        | Found a radiant altar of Vehumet.
    19 | D        | Found a corrupted altar of Lugonu.
    19 | D        | Found a roughly hewn altar of Beogh.
    20 | D        | Found an ancient bone altar of Kikubaaqudgha.
    20 | D        | Found a hide-covered altar of Uskayaw.
    20 | D        | Found a broken altar of Ashenzari.
    23 | D        | Became a worshipper of Qazlal Stormbringer
    53 | D        | Noticed a scorpion
    58 | D        | Reached XP level 2. HP: 11/28 MP: 1/3
    62 | D        | Killed a scorpion
    62 | D        | Reached * piety under Qazlal
    63 | D        | Reached skill level 5 in Fighting
    63 | D        | Reached skill level 5 in Axes
    63 | D        | Reached skill level 5 in Invocations
    63 | D        | Reached XP level 3. HP: 35/36 MP: 1/6
    63 | D        | Reached XP level 4. HP: 41/42 MP: 1/7
   313 | D        | Reached ** piety under Qazlal
   317 | D        | Reached skill level 5 in Armour
   317 | D        | Reached skill level 5 in Shields
   335 | D        | Reached XP level 5. HP: 44/50 MP: 8/10
   407 | D        | Noticed a water moccasin
   408 | D        | Noticed a flying skull
   408 | D        | Noticed a centaur
   408 | D        | Noticed a wolf
   414 | D        | Killed a water moccasin
   414 | D        | Reached *** piety under Qazlal
   415 | D        | Reached XP level 6. HP: 40/58 MP: 10/12
   428 | D        | Killed a flying skull
   429 | D        | Reached skill level 10 in Invocations
   429 | D        | Reached XP level 7. HP: 33/68 MP: 12/15
   432 | D        | Noticed a flying skull
   435 | D        | Reached **** piety under Qazlal
   442 | D        | Killed a flying skull
   466 | D        | Noticed a kobold demonologist
   470 | D        | Noticed a hellwing
   473 | D        | Noticed a red devil
   473 | D        | Killed a kobold demonologist
   474 | D        | Reached XP level 8. HP: 38/78 MP: 17/17
   780 | D        | Noticed Menkaure
   788 | D        | Reached ***** piety under Qazlal
   796 | D        | Reached skill level 10 in Axes
   807 | D        | Killed Menkaure
   980 | D        | Noticed a tarantella
   980 | D        | Noticed a two-headed ogre
   981 | D        | Killed a tarantella
   982 | D        | Reached skill level 10 in Fighting
   982 | D        | Killed a two-headed ogre
   983 | D        | Reached skill level 15 in Invocations
   983 | D        | Reached XP level 9. HP: 86/86 MP: 7/20
  1472 | D        | Noticed a death yak
  1477 | D        | Killed a death yak
  1478 | D        | Reached skill level 10 in Armour
  1478 | D        | Reached skill level 10 in Shields
  1697 | D        | Noticed a freezing wraith
  1700 | D        | Noticed a deep troll
  1702 | D        | Killed a freezing wraith
  1702 | D        | Reached ****** piety under Qazlal
  1702 | D        | Killed a deep troll
  1703 | D        | Reached XP level 10. HP: 95/97 MP: 13/22
  1703 | D        | Noticed a kobold demonologist
  1704 | D        | Noticed a kobold demonologist
  1705 | D        | Killed a kobold demonologist
  1708 | D        | Gained mutation: Your magical capacity is low. (-10% MP) [a
                  | neqoxec]
  1710 | D        | Noticed a sun demon
  1711 | D        | Noticed a rust devil
  1711 | D        | Killed a kobold demonologist
  1854 | D        | Noticed a kobold demonologist
  1854 | D        | Noticed an orange demon
  1857 | D        | Killed a kobold demonologist
  1858 | D        | Killed an unseen horror
  1858 | D        | Noticed a smoke demon
  1860 | D        | Killed an orange demon
  1860 | D        | Killed a smoke demon
  1870 | D        | Killed a shadow wraith
  1873 | D        | Noticed a bog body
  1876 | D        | Killed a bog body
  1877 | D        | Reached XP level 11. HP: 43/107 MP: 1/22
  2157 | D        | Noticed Sigmund
  2158 | D        | Noticed a hell hog
  2159 | D        | Noticed a hell hog
  2160 | D        | Killed a hell hog
  2160 | D        | Killed Sigmund
  2160 | D        | Killed a hell hog
  2160 | D        | Noticed a hell hog
  2161 | D        | Reached skill level 15 in Axes
  2162 | D        | Noticed a phantasmal warrior
  2164 | D        | Killed a phantasmal warrior
  2164 | D        | Killed a hell hog
  2280 | D        | Noticed a flayed ghost
  2286 | D        | Killed a flayed ghost
  2480 | D        | Reached skill level 15 in Fighting
  2532 | D        | Noticed an orc knight
  2537 | D        | Reached XP level 12. HP: 110/119 MP: 15/24
  2586 | D        | Noticed a six-headed hydra
  2591 | D        | Killed a six-headed hydra
  2743 | D        | Noticed a sun demon
  2756 | D        | Killed a sun demon
  2830 | D        | Found the +9 sword of Power {lifebolt}
  2830 | D        | Noticed a lich
  2830 | D        | Noticed a dire elephant
  2830 | D        | Noticed an iron troll
  2831 | D        | Killed a lich
  2831 | D        | Killed an iron troll
  2832 | D        | Reached skill level 15 in Shields
  2832 | D        | Killed a dire elephant
  2833 | D        | Reached skill level 15 in Armour
  3091 | D        | Noticed an orc warlord
  3092 | D        | Noticed an orc warlord
  3093 | D        | Noticed a vault guard
  3093 | D        | Killed an orc warlord
  3093 | D        | Killed an orc warlord
  3094 | D        | Reached skill level 5 in Long Blades
  3094 | D        | Reached XP level 13. HP: 103/133 MP: 17/26
  3099 | D        | Killed a vault guard
  3117 | D        | Noticed a yaktaur captain
  3127 | D        | Noticed a vault guard
  3129 | D        | Killed a yaktaur captain
  3142 | D        | Killed a vault guard
  3182 | D        | Noticed a ghoul
  3183 | D        | Noticed a ghoul
  3191 | D        | Killed a ghoul
  3198 | D        | Killed a ghoul
  3294 | D        | Noticed a vault guard
  3295 | D        | Noticed a fire dragon
  3297 | D        | Noticed a vault guard
  3299 | D        | Killed a fire dragon
  3299 | D        | Killed a vault guard
  3316 | D        | Killed a vault guard
  3370 | D        | Noticed a dire elephant
  3382 | D        | Killed a dire elephant
  3383 | D        | Reached skill level 27 in Invocations
  3527 | D        | Reached XP level 14. HP: 144/144 MP: 28/28
  3603 | D        | Identified the +3 spear of Ashenzari's Delight {flame,
                  | Str+2 Int+3}
  3603 | D        | Noticed a yellow draconian
  3603 | D        | Killed a yellow draconian
  3603 | D        | Killed Maurice
  3603 | D        | Noticed Agnes
  3608 | D        | Noticed a deep elf master archer
  3613 | D        | Killed a deep elf master archer
  3665 | D        | Killed Agnes
  3763 | D        | Got the Folio of the Nival Storm
  3763 | D        | Got the Monograph on the Volcano and Malediction
  3772 | D        | Got the Disquisition on Rallying
  3869 | D        | Noticed a red draconian scorcher
  3870 | D        | Noticed a purple draconian
  3870 | D        | Noticed a sphinx
  3870 | D        | Noticed a lich
  3871 | D        | Killed a red draconian scorcher
  3871 | D        | Killed a purple draconian
  3871 | D        | Killed a lich
  3871 | D        | Killed a lich
  3871 | D        | Killed a sphinx
  3871 | D        | Killed a deep elf demonologist
  3922 | D        | Noticed a deep elf sorcerer
  3923 | D        | Noticed a yellow draconian
  3925 | D        | Noticed a deep elf sorcerer
  3929 | D        | Killed a deep elf sorcerer
  3929 | D        | Killed a yellow draconian
  3929 | D        | Killed a deep elf sorcerer
  3930 | D        | Killed a deep elf sorcerer
  3939 | D        | Noticed a frost giant
  3954 | D        | Noticed a sphinx
  3954 | D        | Killed a frost giant
  3957 | D        | Paralysed by a sphinx for 4 turns
  3958 | D        | Noticed a deep elf annihilator
  3959 | D        | Noticed a stone giant
  3960 | D        | Noticed a yellow draconian
  3963 | D        | Killed a deep elf annihilator
  3964 | D        | Reached XP level 15. HP: 18/160 MP: 24/29
  3964 | D        | Paralysed by a sphinx for 5 turns
  3973 | D        | Noticed a lich
  3976 | D        | Killed a sphinx
  3987 | D        | Killed a lich
  4334 | D        | Got the ring of Wamycosch {Will+ EV+6 Dex+4}
  4336 | D        | Got the ring of Adanin {rElec rN+}
  4340 | D        | Got the ring "Waoguon" {Fire Dex+3}
  4348 | D        | Got the ring "Qefisyem" {Drain AC+6 Str+6 SInv}
  4358 | D        | Got the ring of Mibo {Will+ Str+6}
  4371 | D        | Got the ring "Feut" {Will+ Str+3 Dex-3 Slay+5}
  4373 | D        | Got the ring of Icuonkur {rPois rC+++ Str-4 Slay+5 SInv}
  4375 | D        | Got the amulet "Rimiobuq" {Reflect rC- rN++ Slay+4 SH+5}
  4472 | D        | Noticed a frost giant
  4475 | D        | Noticed a daeva
  4476 | D        | Killed a frost giant
  4476 | D        | Killed a daeva
  4502 | D        | Noticed a balrug
  4508 | D        | Killed a balrug
  4509 | D        | Noticed an angel
  4520 | D        | Killed an angel
  4521 | D        | Noticed an orc warlord
  4521 | D        | Noticed a storm dragon
  4521 | D        | Noticed a nagaraja
  4523 | D        | Noticed an acid blob
  4524 | D        | Killed a storm dragon
  4524 | D        | Killed an acid blob
  4524 | D        | Killed a nagaraja
  4524 | D        | Killed an orc warlord
  4533 | D        | Reached XP level 16. HP: 59/177 MP: 23/30
  4910 | D        | Got the +0 helmet of Iceh Yca {Regen+ rCorr SInv}
  5004 | D        | Noticed Rupert
  5005 | D        | Killed Rupert
  5006 | D        | Reached skill level 27 in Fighting
  5006 | D        | Reached skill level 27 in Axes
  5014 | D        | Got the Guide on Charged Dislocation
  5276 | D        | Got a silver rune of Zot
  5474 | D        | Noticed a death cob
  5475 | D        | Noticed a daeva
  5476 | D        | Killed a death cob
  5476 | D        | Noticed a quicksilver dragon
  5477 | D        | Reached skill level 27 in Armour
  5477 | D        | Reached skill level 27 in Shields
  5477 | D        | Reached XP level 17. HP: 179/191 MP: 22/31
  5479 | D        | Killed a quicksilver dragon
  5692 | D        | Noticed a deep elf master archer
  5692 | D        | Noticed a Brimstone Fiend
  5692 | D        | Noticed a deep elf master archer
  5693 | D        | Killed a Brimstone Fiend
  5693 | D        | Killed a deep elf master archer
  5693 | D        | Killed a deep elf master archer
  5892 | D        | Found the +7 great mace "Undeadhunter" {deathbane, rN+}
  5954 | D        | Noticed an Executioner
  5955 | D        | Noticed a bone dragon
  5958 | D        | Noticed a Hell Sentinel
  5958 | D        | Killed an Executioner
  5958 | D        | Killed a bone dragon
  5958 | D        | Killed a Hell Sentinel
  5959 | D        | Noticed a titan
  5959 | D        | Noticed a tentacled monstrosity
  5960 | D        | Noticed a lich
  5961 | D        | Killed a lich
  5961 | D        | Killed a tentacled monstrosity
  5961 | D        | Noticed an electric golem
  5964 | D        | Killed a titan
  5964 | D        | Killed an electric golem
  6282 | D        | Noticed Boris
  6284 | D        | Killed Boris
  6322 | D        | Noticed Dissolution
  6322 | D        | Noticed an Orb Guardian
  6322 | D        | Noticed an Orb Guardian
  6322 | D        | Noticed an Orb Guardian
  6322 | D        | Noticed an Orb Guardian
  6323 | D        | Noticed a golden dragon
  6323 | D        | Noticed Mennas
  6324 | D        | Killed an Orb Guardian
  6325 | D        | Killed Dissolution
  6325 | D        | Killed an Orb Guardian
  6325 | D        | Killed an Orb Guardian
  6326 | D        | Reached XP level 18. HP: 200/200 MP: 15/31
  6326 | D        | Noticed Wewylyqi the pandemonium lord
  6327 | D        | Killed an Orb Guardian
  6328 | D        | Killed Mennas
  6328 | D        | Killed a golden dragon
  6329 | D        | Killed Wewylyqi the pandemonium lord
  6334 | D        | Noticed a tentacled monstrosity
  6334 | D        | Noticed the 27-headed Lernaean hydra
  6334 | D        | Noticed an Orb Guardian
  6336 | D        | Killed the 27-headed Lernaean hydra
  6336 | D        | Noticed an Orb Guardian
  6338 | D        | Noticed Antaeus
  6340 | D        | Noticed an Orb Guardian
  6341 | D        | Killed an Orb Guardian
  6341 | D        | Killed a tentacled monstrosity
  6341 | D        | Killed an Orb Guardian
  6342 | D        | Killed an Orb Guardian
  6357 | D        | Killed Antaeus
  6358 | D        | Reached skill level 27 in Dodging
  6651 | D        | Noticed an Orb Guardian
  6651 | D        | Noticed an Orb Guardian
  6656 | D        | Killed an Orb Guardian
  6656 | D        | Noticed a pearl dragon
  6657 | D        | Noticed a deep elf master archer
  6659 | D        | Killed an Orb Guardian
  6659 | D        | Noticed an Orb Guardian
  6660 | D        | Reached skill level 10 in Evocations
  6660 | D        | Noticed a Hell Sentinel
  6662 | D        | Killed a pearl dragon
  6662 | D        | Noticed a titan
  6662 | D        | Noticed an ancient lich
  6663 | D        | Found the +6 sword of Cerebov {flame}
  6663 | D        | Noticed Cerebov
  6665 | D        | Killed a deep elf master archer
  6666 | D        | Killed an Orb Guardian
  6666 | D        | Noticed a quicksilver dragon
  6667 | D        | Killed a quicksilver dragon
  6667 | D        | Killed a titan
  6667 | D        | Killed an ancient lich
  6668 | D        | Noticed a titan
  6671 | D        | Killed a Hell Sentinel
  6671 | D        | Noticed Frederick
  6675 | D        | Noticed an Orb Guardian
  6675 | D        | Killed Frederick
  6678 | D        | Killed an Orb Guardian
  6684 | D        | HP: 10/200 [Cerebov/the +6 sword of Cerebov {flame} (22)]
  6688 | D        | Killed Cerebov
  6689 | D        | Reached XP level 19. HP: 77/207 MP: 23/32
  6895 | D        | Noticed a tentacled monstrosity
  6896 | D        | Noticed a golden dragon
  6900 | D        | Noticed Raesisog the pandemonium lord
  6901 | D        | Noticed a hellephant
  6903 | D        | Noticed a pearl dragon
  6903 | D        | Noticed an Ice Fiend
  6905 | D        | Noticed a Brimstone Fiend
  6906 | D        | Noticed Ignacio
  6911 | D        | Killed a golden dragon
  6912 | D        | Killed a tentacled monstrosity
  6914 | D        | Noticed the Royal Jelly
  6915 | D        | Killed from afar by Raesisog the pandemonium lord

Illustrated notes

Levels and vault maps discovered:
D:        pitsprint [storerooms_1, entrance_room_1, metal_vault_1, armoury_1,
          mini_pit_1, grid_room_1, main_hall_1, silver_pit, the_coven_3,
          the_vestibule_1, steel_vault_5, golden_pit, hallway_of_sentries,
          crystal_vault_3, iron_vault_5, final_vault]

Skill      XL: |  1  2  3  4  5  6  7  8  9 10 11 12 13 14 15 16 17 18 19 |
---------------+----------------------------------------------------------+-----
Axes           | 3 5 6 8 9 11 12 14 16 17 18 22 25 27 | 27.0
Fighting       | 4 5 6 8 9 10 11 13 15 17 18 21 24 27 | 27.0
Invocations    | 2 5 6 8 10 13 15 17 19 21 25 27 | 27.0
Armour         | 4 5 6 7 8 9 10 12 13 15 17 20 22 27 | 27.0
Shields        | 4 5 6 7 8 9 10 12 13 16 17 20 22 27 | 27.0
Long Blades    | 5 6 |  6.5
Dodging        | 6 23 27 | 27.0
Evocations     | 21 23 | 23.9

Action                   |  1- 3 |  4- 6 |  7- 9 | 10-12 | 13-15 | 16-18 | 19-21 || total
-------------------------+-------+-------+-------+-------+-------+-------+-------++-------
Melee: War axe           |    12 |    34 |    52 |       |       |       |       ||    98
       Broad axe         |       |       |     7 |   120 |   180 |    63 |    15 ||   385
       Great sword       |       |       |       |     1 |    11 |       |       ||    12
Invok: Disaster Area     |       |       |     3 |    11 |    13 |    24 |       ||    51
       Upheaval          |       |       |     1 |     3 |     4 |       |       ||     8
       Elemental Force   |       |       |       |       |       |     3 |       ||     3
  Use: Potion            |     1 |     3 |     2 |     4 |    15 |     9 |     5 ||    39
       Scroll            |       |       |       |     7 |     3 |       |     3 ||    13
 Stab: Petrified         |       |       |       |       |     4 |       |       ||     4
       Paralysed         |       |       |       |       |       |     2 |       ||     2
Armor: Scale mail        |     8 |    10 |       |       |       |       |       ||    18
       Plate armour      |       |     9 |    29 |    63 |   112 |    32 |    24 ||   269
Dodge: Dodged            |     1 |    14 |    11 |    18 |    45 |    19 |     5 ||   113
       Repelled          |       |       |       |     1 |     2 |     3 |     1 ||     7
Block: Buckler           |     2 |    18 |    22 |    89 |    10 |       |       ||   141
       Other             |       |       |       |     1 |    18 |       |       ||    19
       Tower shield      |       |       |       |       |   182 |   116 |    63 ||   361
       Reflection        |       |       |       |       |     2 |     4 |     3 ||     9

Table legend: (Time is in decaauts)
 A = Elapsed time spent in this place.
 B = Non-inter-level travel time spent in this place.
 C = Inter-level travel time spent in this place.
 D = Time resting spent in this place.
 E = Time spent auto-exploring this place.
 F = Levels seen in this place.
 G = Mean time per level.
                   A        B        C        D        E       F      G
               +--------+--------+--------+--------+--------+-----+--------+
         Total |   6926 |   6797 |    129 |   4354 |      5 |   1 | 6926.0 |
       Dungeon |   6926 |   6797 |    129 |   4354 |      5 |   1 | 6926.0 |
               +--------+--------+--------+--------+--------+-----+--------+

Top non-repeatable levels by time:
       D: 6926 daAuts
